 Dungeon Crawl Stone Soup version 0.24-a0-415-g6d73c25c48 (webtiles) character file.

Game seed: 17226590153073034320

60452 Laiders72 the Bludgeoner (level 14, -5/137 HPs)
             Began as a Minotaur Berserker on June 7, 2019.
             Was a High Priest of Trog.
             Engulfed by a cloud of freezing vapour (31 damage)
             ... in an ice cave.
             The game lasted 01:05:41 (21747 turns).

Laiders72 the Bludgeoner (Minotaur Berserker)      Turns: 21747, Time: 01:05:42

Health: -5/137     AC: 17    Str: 24    XL:     14   Next: 57%
Magic:  8/8        EV: 13    Int:  5    God:    Trog [*****.]
Gold:   1015       SH:  7    Dex: 14    Spells: 13/13 levels left

rFire    . . .     SeeInvis +   h - +5 morningstar
rCold    . . .     Gourm    .   p - +2 buckler
rNeg     + . .     Faith    .   W - +0 plate armour
rPois    .         Spirit   .   Z - +1 hat {SInv}
rElec    +         Reflect  .   (no cloak)
rCorr    .         Harm     .   (no gloves)
MR       ++...                  L - +0 pair of boots
Stlth    ..........             (no amulet)
HPRegen  0.32/turn              x - ring of positive energy
MPRegen  0.11/turn              Q - ring of Vuric {rElec MR+ MP-9 Str+2}

@: berserk cooldown, slowed, very slow
A: retaliatory headbutt, horns 2
a: Berserk, Trog's Hand, Brothers in Arms, Renounce Religion


You were in an ice cave.
You worshipped Trog.
Trog was extremely pleased with you.
You were not hungry.

You visited 3 branches of the dungeon, and saw 19 of its levels.
You also visited: Sewer and Ice Cave.

You collected 1184 gold pieces.
You spent 169 gold pieces at shops.

Inventory:

Hand Weapons
 h - a +5 morningstar (weapon)
Missiles
 a - 36 poisoned darts
 g - 17 boomerangs
 u - 6 silver javelins
 M - 5 javelins (quivered)
 X - 11 atropa-tipped darts
 Y - 2 curare-tipped darts
Armour
 p - a +2 buckler (worn)
 L - a +0 pair of boots (worn)
 W - a +0 plate armour (worn)
 Z - a +1 hat of see invisible (worn)
Jewellery
 q - a +3 ring of protection
 x - a ring of positive energy (left hand)
 J - an uncursed ring of flight
 Q - the ring of Vuric (right hand) {rElec MR+ MP-9 Str+2}
   (You found it on level 10 of the Dungeon)

   [ring of protection from magic]

   It affects your strength (+2).
   It insulates you from electricity.
   It affects your resistance to hostile enchantments.
   It affects your magic capacity (-9).
Wands
 k - a wand of digging (9)
 m - a wand of paralysis (9)
 w - a wand of polymorph (18)
 H - a wand of iceblast (17)
 O - a wand of acid (20)
 P - a wand of clouds (6)
Scrolls
 d - 4 scrolls of identify
 o - a scroll of fog
 r - 2 scrolls of enchant weapon
 s - a scroll of holy word {unknown}
 z - 2 scrolls of teleportation {unknown}
 A - 5 scrolls of remove curse
 E - a scroll of magic mapping
 F - a scroll of random uselessness {unknown}
 G - a scroll of vulnerability {unknown}
 K - a scroll of silence {unknown}
 R - a scroll of summoning
 S - 3 scrolls of blinking
 V - a scroll of fear
Potions
 b - 2 potions of mutation
 e - a potion of resistance
 f - a potion of lignification
 i - a potion of heal wounds
 j - 2 potions of ambrosia
 l - 5 potions of flight
 n - 3 potions of haste
 t - 4 potions of agility
 v - a potion of might
 B - 3 potions of brilliance
 C - a potion of invisibility
 D - 5 potions of curing
 I - 2 potions of cancellation
Miscellaneous
 N - 2 phantom mirrors
Comestibles
 c - 23 rations
 T - 7 chunks of flesh


   Skills:
 + Level 16.0 Fighting
 + Level 16.6 Maces & Flails
 + Level 7.2 Throwing
 + Level 11.0 Armour
 + Level 10.9 Dodging
 - Level 4.0 Shields
 - Level 6.0 Evocations


You had 13 spell levels left.
You didn't know any spells.
Your spell library was empty.

Dungeon Overview and Level Annotations

Branches:
Dungeon (15/15)            Temple (0/1) D:6            Lair (3/6) D:9
  Snake (0/4) Lair:3          Orc (0/2) D:11         Vaults (0/5) D:14
 Depths (1/5) D:15
  Swamp: Lair:2-4    Shoals: Lair:2-4

Altars:
Ashenzari
Dithmenos
Gozag
Qazlal
Ru
Trog
Wu Jian
Xom
Yredelemnul
Zin

Shops:
D:4 *   D:9 *

Portals:
Trove: D:12 (show abyssal rune of Zot)

Annotations:
D:2 Sigmund


Innate Abilities, Weirdness & Mutations

You reflexively headbutt those who attack you in melee.
You have a pair of horns on your head.


Message History

Trog accepts your kill.
Things that are here:
a yak corpse; a polar bear corpse Butcher a yak corpse? [(y)es/(n)o/(a)ll/(q)uit/?]
You butcher the yak corpse.
You butcher the polar bear corpse.
T - 4 chunks of flesh;
T - 7 chunks of flesh (gained 3)
Things that are here:
a yak skeleton; a polar bear skeleton
Found 17 gold pieces.
You start resting.
You are engulfed in freezing vapours.
You're standing in a cloud of freezing vapour!
You are engulfed in freezing vapours.
You are engulfed in freezing vapours.
* * * LOW HITPOINT WARNING * * *
You feel much better.
You are engulfed in freezing vapours.
* * * LOW HITPOINT WARNING * * *
You are engulfed in freezing vapours.
You die...

##.##
##..### #
##☼.##$ !#
##°☼##.#$#
#§°○.#..
##§°#☼#
##☼°## .
##○°## #..
#○@°#
#...##..#
#......#
###...##
#####


There were no monsters in sight!

Vanquished Creatures
  Jorgrun (D:14)
  A fire dragon (D:15)
  3 hydras
  An ice dragon (D:15)
  5 two-headed ogres
  5 centaur warriors
  Urug (Lair:2)
  3 unseen horrors
  A wizard (D:15)
  A necromancer (D:14)
  2 orc knights
  A manticore (shapeshifter) (D:15)
  2 cyclopes
  14 ugly things
  3 centaur zombies
  2 deep elf magi
  A black mamba (Lair:2)
  Maurice (D:10)
  2 orange demons (D:15)
  4 gargoyles
  4 spiny frogs
  2 centaur skeletons
  A yaktaur (D:15)
  An efreet (D:14)
  A freezing wraith (D:15)
  6 kobold demonologists
  4 komodo dragons
  A tengu conjurer (D:15)
  A queen bee (D:13)
  8 trolls
  3 polar bears (IceCv)
  A red devil (D:15)
  6 meliai
  A jumping spider (shapeshifter) (D:14)
  3 hornets
  7 slime creatures
  A blink frog (shapeshifter) (D:13)
  7 hippogriffs
  29 yaks
  A wyvern (D:8)
  A spriggan (D:8)
  2 shadows (D:12)
  4 wraiths
  A hungry ghost (D:13)
  5 vampire mosquitoes (D:13)
  2 steam dragons
  2 nagas (Lair:3)
  A soldier ant (D:13)
  2 water moccasins
  An acid dragon (D:12)
  4 porcupines
  2 ice beasts
  12 orc warriors
  A black bear (D:10)
  An eye of draining (D:12)
  2 phantoms
  3 sky beasts
  8 ogres
  6 wolves
  2 necrophages
  16 centaurs
  10 crocodiles
  11 big kobolds
  15 bullfrogs
  A wyvern skeleton (D:8)
  2 scorpions (D:7)
  22 killer bees (D:13)
  22 wights
  6 howler monkeys
  An electric eel (Lair:3)
  8 crimson imps
  8 hounds
  11 orc priests
  3 jellies
  2 bullfrog skeletons
  Ijyb (D:3)
  3 iguanas
  13 orc wizards
  16 worker ants
  2 hound zombies
  A howler monkey zombie (D:9)
  Robin (D:3)
  4 gnolls (D:5)
  11 adders
  4 shadow imps
  An adder zombie (D:5)
  An adder skeleton (D:7)
  3 worms
  A dart slug (D:1)
  9 leopard geckos
  58 orcs
  13 giant cockroaches
  18 goblins
  9 hobgoblins
  6 jackals (D:6)
  6 quokkas
  4 ball pythons
  3 bats
  8 frilled lizards
  21 kobolds
  2 leopard gecko skeletons
  5 rats
  A bush (Lair:1)
567 creatures vanquished.

Vanquished Creatures (collateral kills)
  Gastronok (Lair:1)
  A gargoyle (D:14)
  An orange demon (D:15)
  A red devil (D:15)
  A troll (D:12)
  2 hippogriffs
  A yak (D:12)
  Grum (D:9)
  3 wolves (D:9)
  A centaur (D:12)
  2 bullfrogs
  A scorpion (D:12)
  2 crimson imps (D:15)
  2 orcs (D:9)
20 creatures vanquished.

Vanquished Creatures (others)
  A yak (IceCv)
  A centaur (D:14)
  A fungus (Lair:3)
  A plant (Lair:3)
4 creatures vanquished.

Grand Total: 591 creatures vanquished

Notes
Turn   | Place    | Note
-------+----------+-------------------------------------------
     0 | D:1      | Laiders72 the Minotaur Berserker began the quest for the
                  | Orb.
     0 | D:1      | Reached XP level 1. HP: 19/19 MP: 0/0
   213 | D:1      | Reached XP level 2. HP: 27/27 MP: 1/1
   705 | D:2      | Noticed Sigmund
   756 | D:3      | Noticed Ijyb
   763 | D:3      | Killed Ijyb
   763 | D:3      | Reached XP level 3. HP: 33/33 MP: 2/2
   804 | D:3      | Reached ** piety under Trog
   972 | D:3      | Found a shattered altar of Ashenzari.
  1007 | D:3      | Reached XP level 4. HP: 40/40 MP: 3/3
  1083 | D:3      | Reached skill level 5 in Maces & Flails
  1262 | D:3      | Found a glowing drain.
  1274 | Sewer    | Entered a sewer
  1604 | Sewer    | Noticed a bullfrog
  1604 | Sewer    | Noticed a bullfrog
  1608 | Sewer    | Killed a bullfrog
  1608 | Sewer    | Reached XP level 5. HP: 37/47 MP: 4/4
  1614 | Sewer    | Reached *** piety under Trog
  1614 | Sewer    | Reached skill level 5 in Fighting
  1996 | D:3      | Reached XP level 6. HP: 52/56 MP: 5/5
  2230 | D:3      | Noticed Robin
  2236 | D:3      | Killed Robin
  3332 | D:4      | Found Uclag's Assorted Antiques.
  3484 | D:5      | Entered Level 5 of the Dungeon
  3539 | D:5      | Reached XP level 7. HP: 62/62 MP: 6/6
  3856 | D:5      | Reached skill level 5 in Dodging
  4065 | D:5      | Reached **** piety under Trog
  4651 | D:6      | Found an opulent altar of Gozag.
  4860 | D:6      | Found a staircase to the Ecumenical Temple.
  4870 | D:6      | Reached XP level 8. HP: 71/71 MP: 7/7
  5053 | D:7      | Got a dazzling cloak
  5064 | D:7      | Identified the +0 cloak "Geura" {*Corrode MR+ Int+2} (You
                  | found it on level 7 of the Dungeon)
  5085 | D:7      | Noticed a hornet
  5111 | D:7      | Killed a hornet
  5186 | D:6      | Reached skill level 10 in Maces & Flails
  5689 | D:7      | Reached XP level 9. HP: 81/81 MP: 8/8
  5779 | D:7      | Identified the +2 leather armour of Yredelemnul's Scorn
                  | {rC+ rCorr Slay-3}
  5998 | D:7      | Found an ornate altar of the Wu Jian Council.
  6337 | D:8      | Noticed a two-headed ogre
  6337 | D:8      | Noticed a two-headed ogre
  6365 | D:7      | Killed a two-headed ogre
  6710 | D:8      | Killed a two-headed ogre
  6710 | D:8      | Reached skill level 10 in Fighting
  6836 | D:8      | Reached XP level 10. HP: 80/93 MP: 9/9
  7143 | D:8      | Found a bloodstained altar of Trog.
  7651 | D:9      | Noticed Grum
  7665 | D:9      | Killed Grum
  7846 | D:9      | Found a glowing silver altar of Zin.
  7929 | D:9      | Found a staircase to the Lair.
  7934 | D:9      | Found a stormy altar of Qazlal.
  7937 | D:9      | Found a basalt altar of Yredelemnul.
  8132 | D:9      | Found Cobletra's General Store.
  8629 | D:9      | Found a shadowy altar of Dithmenos.
  8711 | D:9      | Reached skill level 5 in Armour
  8874 | D:10     | Entered Level 10 of the Dungeon
  9125 | D:10     | Reached ***** piety under Trog
  9326 | D:10     | Reached XP level 11. HP: 90/99 MP: 10/10
  9580 | D:10     | Got an ancient jade ring
  9582 | D:10     | Noticed Maurice
  9596 | D:10     | Killed Maurice
  9596 | D:10     | Reached skill level 15 in Maces & Flails
  9701 | D:11     | Identified the ring of Vuric {rElec MR+ MP-9 Str+2} (You
                  | found it on level 10 of the Dungeon)
  9705 | D:11     | Noticed an eight-headed hydra
  9710 | D:11     | Killed an eight-headed hydra
  9795 | D:11     | Received a gift from Trog
  9828 | D:11     | Found a staircase to the Orcish Mines.
 10179 | D:11     | Noticed a cyan ugly thing
 10196 | D:11     | Killed a cyan ugly thing
 10907 | D:12     | Noticed a two-headed ogre
 10913 | D:12     | Killed a two-headed ogre
 10986 | D:12     | Killed an unseen horror
 11368 | D:12     | Noticed a deep elf mage
 11375 | D:12     | Killed a deep elf mage
 11460 | D:12     | Noticed a cyan ugly thing
 11474 | D:12     | Killed a cyan ugly thing
 11474 | D:12     | Reached skill level 10 in Dodging
 11483 | D:12     | Noticed a brown ugly thing
 11497 | D:12     | Killed a brown ugly thing
 11497 | D:12     | Reached XP level 12. HP: 51/106 MP: 2/11
 12149 | D:12     | Reached skill level 10 in Armour
 12219 | D:12     | Found a portal to a secret trove of treasure.
 12307 | D:12     | Reached skill level 1 in Throwing
 12312 | D:12     | Reached skill level 1 in Evocations
 13002 | D:13     | Noticed a two-headed ogre
 13002 | D:13     | Noticed a centaur warrior
 13012 | D:13     | Killed a two-headed ogre
 13020 | D:13     | Killed a centaur warrior
 13344 | D:13     | Received a gift from Trog
 14030 | D:13     | Reached skill level 5 in Throwing
 14063 | D:13     | Received a gift from Trog
 14298 | D:13     | Noticed a centaur warrior
 14300 | D:13     | Reached skill level 5 in Evocations
 14305 | D:13     | Killed a centaur warrior
 14487 | D:13     | Reached XP level 13. HP: 46/117 MP: 6/15
 15833 | D:14     | Found a shimmering altar of Xom.
 15833 | D:14     | Found a shimmering altar of Xom.
 15833 | D:14     | Found a shimmering altar of Xom.
 15833 | D:14     | Found a shimmering altar of Xom.
 15840 | D:14     | Found a shimmering altar of Xom.
 15840 | D:14     | Found a shimmering altar of Xom.
 15842 | D:14     | Found a shimmering altar of Xom.
 15843 | D:14     | Found a shimmering altar of Xom.
 16037 | D:14     | Noticed Jorgrun
 16057 | D:14     | Killed Jorgrun
 16242 | D:14     | Found a gate to the Vaults.
 16339 | D:14     | Reached skill level 15 in Fighting
 16371 | D:14     | Found a sacrificial altar of Ru.
 16836 | D:15     | Entered Level 15 of the Dungeon
 16978 | D:15     | Received a gift from Trog
 16996 | D:15     | Reached skill level 1 in Shields
 17509 | D:15     | Reached XP level 14. HP: 70/135 MP: 8/17
 18703 | D:15     | Received a gift from Trog
 18999 | D:15     | Found a staircase to the Depths.
 19031 | Depths:1 | Entered Level 1 of the Depths
 19174 | D:9      | Bought a scroll of fog for 26 gold pieces
 19174 | D:9      | Bought a scroll of identify for 26 gold pieces
 19174 | D:9      | Bought a ration for 65 gold pieces
 19174 | D:9      | Bought a potion of agility for 52 gold pieces
 19445 | Lair:1   | Entered Level 1 of the Lair of Beasts
 19485 | Lair:1   | You fall into a shaft and drop 1 floor!
 20073 | Lair:2   | Noticed Urug
 20090 | Lair:2   | Killed Urug
 20778 | Lair:1   | Noticed Gastronok
 20789 | Lair:1   | Killed Gastronok
 21498 | Lair:3   | Found a frozen archway.
 21586 | Lair:3   | Found a staircase to the Snake Pit.
 21665 | IceCv    | Entered an ice cave
 21747 | IceCv    | Engulfed by a cloud of freezing vapour

Levels and vault maps discovered:
D:1:      lightli_arrival_farm, layout_rooms, bh_walls_and_bars
D:2:      layout_loops_ring, minitemple, uniq_natasha, uniq_sigmund,
          uniq_jessica
D:3:      layout_loops_corners, nicolae_ashenzari_panopticon,
          portal_sewer_entry_f, minmay_cupped, uniq_robin, uniq_ijyb
D:4:      layout_basic, first_ration, serial_shops, kennysheep_mini,
          chequers_serial_rivers_micro_b
D:5:      layout_rooms
D:6:      layout_loops_corners, temple_statues, nicolae_gozag_seed_capital
D:7:      layout_basic, lemuel_statue_altar
D:8:      layout_rooms, nicolae_overflow_crystal_walls, grunt_pizzeria
D:9:      layout_roguey, grunt_dithmenos_shadows, overflow_temple_1_default,
          chequers_temple_overflow_statue_of_worship, lair_entry_dummy,
          serial_shops, shop, uniq_grum
D:10:     layout_loops_cross, hangedman_decor_opposing, nrook_uturn,
          uniq_maurice
D:11:     layout_loops_ring, erik_orc_3, special_room [special_room_kobold]
D:12:     layout_irregular_city, nicolae_trove_entry_diagonal
D:13:     layout_roguey [special_room_bee], special_room [special_room_orc]
D:14:     layout_rooms, david_vaults_1, nicolae_ru_awakened_eye,
          xom_redecorated, uniq_jorgrun
D:15:     grunt_enter_depths_hoard, layout_basic, minmay_beelzebubs_servants
Lair:1:   layout_loops_ring, uniq_gastronok
Lair:2:   layout_long_grid, uniq_urug
Lair:3:   layout_regular_city, minmay_shoals_entry_hut,
          guppyfry_snake_entry_island, portal_ice_cave_entry_pillars_1,
          beast_lair_carwin_6, infiniplex_staircase_pool_2
Depths:1: minmay_containers, layout_cave_shapes, hangedman_decor_points,
          special_room [special_room_morgue], pan_entry, grunt_hell_horde,
          abyss_entry, kennysheep_generic_room_13, minmay_shop_grove,
          serial_bayou_shore_b
IceCv:    ice_cave_caverns_02

Skill      XL: |  1  2  3  4  5  6  7  8  9 10 11 12 13 14 |
---------------+-------------------------------------------+-----
Maces & Flails | 4 5 6 7 8 10 13 14 16 | 16.6
Fighting       | 4 5 6 8 10 11 15 16 | 16.0
Dodging        | 3 4 5 6 7 10 | 10.9
Armour         | 5 9 10 11 | 11.0
Throwing       | 5 6 7 |  7.2
Evocations     | 5 6 |  6.0
Shields        | 1 4 |  4.0

Action                   |  1- 3 |  4- 6 |  7- 9 | 10-12 | 13-15 || total
-------------------------+-------+-------+-------+-------+-------++-------
Melee: Mace              |    58 |   126 |   218 |    70 |       ||   472
       Headbutt          |     4 |    19 |    36 |   178 |   150 ||   387
       Morningstar       |       |       |       |   701 |   607 ||  1308
Throw: Javelin           |       |       |       |       |    19 ||    19
       Boomerang         |       |       |       |       |     6 ||     6
       Dart              |       |       |       |       |     4 ||     4
Invok: Berserk           |     1 |     3 |     3 |     8 |     7 ||    22
       Trog's Hand       |       |     1 |       |     5 |     3 ||     9
       Brothers in Arms  |       |       |     1 |     6 |     4 ||    11
  Use: Scroll            |     3 |       |     5 |     1 |    17 ||    26
       Potion            |       |       |       |     2 |     3 ||     5
  Eat: Chunk             |     2 |     9 |    14 |    33 |    16 ||    74
       Ration            |       |       |       |     2 |     5 ||     7
Armor: Leather armour    |     5 |       |       |       |       ||     5
       Animal skin       |     1 |       |       |       |       ||     1
       Chain mail        |    24 |    89 |   128 |   349 |    19 ||   609
       Plate armour      |       |       |       |       |   336 ||   336
Dodge: Dodged            |    30 |    78 |   126 |   461 |   420 ||  1115
Block: Buckler           |       |       |       |       |   145 ||   145

Table legend:
 A = Non-vault XP
 B = Vault XP
 C = Vault XP percentage of total XP
 D = Non-vault monster count
 E = Vault monster count
 F = Vault count percentage of total count
                 A         B        C        D         E       F
            +---------+---------+-------+---------+---------+-------
      Total |   66640 |   19721 |  22.8 |     438 |     150 |  25.5
            +---------+---------+-------+---------+---------+-------
        D:1 |      25 |       0 |   0.0 |      15 |       0 |   0.0
        D:3 |      91 |      89 |  49.4 |      26 |      23 |  46.9
        D:4 |     185 |       0 |   0.0 |      10 |       0 |   0.0
        D:5 |     654 |       0 |   0.0 |      24 |       0 |   0.0
        D:6 |     247 |       0 |   0.0 |      14 |       0 |   0.0
        D:7 |    2898 |       0 |   0.0 |      45 |       0 |   0.0
        D:8 |    2258 |     220 |   8.9 |      29 |       1 |   3.3
        D:9 |    2193 |     332 |  13.1 |      23 |       5 |  17.9
       D:10 |    2568 |     457 |  15.1 |      26 |       1 |   3.7
       D:11 |    3243 |    1260 |  28.0 |      14 |      25 |  64.1
       D:12 |    9187 |       0 |   0.0 |      38 |       0 |   0.0
       D:13 |    8907 |    4627 |  34.2 |      33 |      52 |  61.2
       D:14 |   14956 |    4307 |  22.4 |      52 |       3 |   5.5
       D:15 |    9545 |    3594 |  27.4 |      43 |       7 |  14.0
     Lair:1 |    1999 |    1820 |  47.7 |      14 |       1 |   6.7
     Lair:2 |    7122 |     851 |  10.7 |      29 |       1 |   3.3
     Lair:3 |     562 |     329 |  36.9 |       3 |       2 |  40.0
      Sewer |       0 |     253 | 100.0 |       0 |      20 | 100.0
      IceCv |       0 |    1582 | 100.0 |       0 |       9 | 100.0
            +---------+---------+-------+---------+---------+-------
